 Dungeon Crawl Stone Soup version 0.29.1-13-g9f3cf754e1 (webtiles) character file.

Game seed: 7775650712199461638

12858 unlimited1921 the Thaumaturge (level 12, -3/76 HPs)
             Began as a Djinni Fire Elementalist on Feb 6, 2023.
             Was a Follower of Cheibriados.
             Killed from afar by a gargoyle (12 damage)
             ... with a stone arrow
             ... on level 11 of the Dungeon.
             The game lasted 01:05:22 (25374 turns).

unlimited1921 the Thaumaturge (DjFE)               Turns: 25374, Time: 01:05:22

Health: -3/76      AC:  9    Str:  9    XL:     12   Next: 25%
Gold:   1541       EV: 15    Int: 27    God:    Cheibriados [*.....] SH:  5 Dex: 16

rFire   + + +      SeeInvis .   K - +3 spear (venom)
rCold   . . .      Faith    .   f - orb {light}
rNeg    . . .      Spirit   .   E - +2 robe {rF+}
rPois   ∞          Reflect  +   Y - +1 hat {Int+3}
rElec   .          Harm     .   H - +0 cloak
rCorr   .          Rampage  .   l - +2 pair of gloves
Will    +....                   (boots unavailable)
Stlth   +.........              W - amulet of reflection
HPRegen 0.22/turn               F - ring of protection from cold
MPRegen 0.00/turn               (no ring)

@: marked, flying, glowing, very slow
A: sickness immunity, fire resistance 2, cold vulnerability 1, float, innate
caster, HP casting, extra vitality 1
a: Renounce Religion, Bend Time


You were on level 11 of the Dungeon.
You worshipped Cheibriados.
Cheibriados was aware of your devotion.
You visited 2 branches of the dungeon, and saw 12 of its levels.

You collected 1739 gold pieces.
You spent 132 gold pieces at shops.
You paid 66 gold pieces to Gozag.

Inventory:

Hand Weapons
 u - the +5 scimitar "Nator" {freeze, Fragile Will+ rCorr Str+2}
   (You found it on level 10 of the Dungeon)

   It freezes those it strikes, dealing additional cold damage.
   It can also slow down cold-blooded creatures.
   Str:       It affects your strength (+2).
   rCorr:     It protects you from acid and corrosion.
   Fragile:   It will be destroyed if unequipped.
   Will:      It increases your willpower.
 z - a +2 whip of flaming
 C - a +2 dagger of venom
 D - a +2 dagger of freezing
 K - a +3 spear of venom (weapon)
 M - a +0 arbalest
 Q - a +3 spear of freezing
 R - a +3 trident
Missiles
 b - 4 throwing nets
 c - 122 stones
 T - 48 poisoned darts
 Z - 5 datura-tipped darts
Armour
 f - an orb of light (worn)
 l - a +2 pair of gloves (worn)
 E - a +2 robe of fire resistance (worn)
 G - a +2 robe of cold resistance
 H - a +0 cloak (worn)
 L - a +0 buckler
 O - +0 acid dragon scales
 Y - a +1 hat of intelligence (worn)
Jewellery
 A - a ring of see invisible
 F - a ring of protection from cold (left hand)
 W - an amulet of reflection (around neck)
Wands
 n - a wand of roots (4)
 o - a wand of mindburst (14)
 S - a wand of charming (13)
 U - a wand of flame (21)
Scrolls
 e - 3 scrolls of poison {unknown}
 h - 3 scrolls of enchant weapon
 i - 3 scrolls of fear
 j - 2 scrolls of blinking {unknown}
 k - a scroll of immolation
 s - 3 scrolls of vulnerability {unknown}
 w - 2 scrolls of summoning {unknown}
 x - 5 scrolls of magic mapping
 y - 3 scrolls of teleportation
Potions
 a - a potion of mutation
 d - 3 potions of curing
 g - 2 potions of invisibility {unknown}
 m - a potion of cancellation
 p - 2 potions of lignification {unknown}
 q - a potion of might
 r - a potion of haste
 t - 4 potions of degeneration {unknown}
 v - 3 potions of heal wounds {unknown}
 B - a potion of resistance
 V - a potion of berserk rage
 X - 2 potions of brilliance {unknown}


   Skills:
 + Level 3.1 Fighting
 + Level 3.1 Short Blades
 + Level 0.1 Polearms
 + Level 5.9 Dodging
 + Level 4.3 Stealth
 + Level 1.0 Shields
 + Level 13.2 Spellcasting


You had 10 spell levels left.
You knew the following spells:

 Your Spells              Type           Power      Damage    Failure   Level
a - Foxfire               Conj/Fire      100%       2x1d9     0%          1
b - Scorch                Fire           100%       2d10      1%          2
c - Conjure Flame         Conj/Fire      73%        6-21      1%          3
d - Inner Flame           Hex/Fire       73%        N/A       1%          3
e - Flame Wave            Conj/Fire      73%        2d16      1%          4
f - Necrotise             Necr           100%       1d9       0%          1
g - Blink                 Tloc           100%       N/A       1%          2
h - Teleport Other        Tloc           73%        N/A       1%          3
i - Ignite Poison         Fire/Tmut/Pois 73%        N/A       1%          3
j - Summon Mana Viper     Hex/Summ       73%        N/A       1%          5
Your spell library was empty.

Dungeon Overview and Level Annotations

Branches:
Dungeon (11/15)            Temple (1/1) D:5            Lair (0/5) D:8
    Orc: D:9-12

Altars:
Ashenzari
Cheibriados
Dithmenos
Elyvilon
Fedhas
Gozag
Hepliaklqana
Makhleb
Nemelex Xobeh
Okawaru
Qazlal
Ru
Trog
Uskayaw
Wu Jian
Xom
Yredelemnul
Zin
The Shining One
Jiyva

Shops:
D:1 !   D:4 *


Innate Abilities, Weirdness & Mutations

You are immune to sickness and miasma.
You are immune to poison.
Your flesh is very heat resistant. (rF++)
You are vulnerable to cold. (rC-)
You float through the air rather than walking.
You learn spells naturally, not from books.
Your magical power is your life essence.
You have superior vitality. (+4 MHP)


Message History

The stone arrow misses you. The gargoyle hits you with a +0 flail!
A centaur comes into view.
Gozag incites the centaur against you.
The centaur goes berserk!
The gargoyle attacks as you move away! You block the gargoyle's attack.
The gargoyle hits you with a +0 flail! x2
Casting: Scorch (safe; 1% risk of failure)
Confirm with . or Enter, or press ? or * to list all spells.
A mana viper appears with a sibilant hiss.
The centaur hits you.
The centaur kicks you but does no damage.
You block the centaur's attack.
The centaur kicks you but does no damage.
The gargoyle closely misses you. The centaur misses you. The centaur kicks you.
Casting: Summon Mana Viper (dangerous; 1% risk of failure)
Confirm with . or Enter, or press ? or * to list all spells.
Casting: Flame Wave (safe; 1% risk of failure)
Press: ? - help, Dir - look around, f - activate A wave of flame ripples out!
The flame wave engulfs the centaur!
The centaur is heavily wounded.
The flame wave engulfs the gargoyle!
The gargoyle is severely damaged. (Press . to intensify the flame waves.)
The centaur hits you but does no damage.
The centaur misses you. You block the gargoyle's attack.
Your mana viper bites the centaur!!
The centaur dies!
Cheibriados thoroughly appreciates the change of pace.
The gargoyle hurls a stone arrow at you.
The stone arrow hits you!
* * * LOW HITPOINT WARNING * * *
Your Shields skill increases to level 1!
Your mana viper barely misses the gargoyle.
The gargoyle hurls a stone arrow at you.
The stone arrow misses you.
You see here a +3 shortbow.
Your mana viper barely misses the gargoyle.
The gargoyle hurls a stone arrow at you.
The stone arrow hits you!
You die...

#.# #.# #.# #.#
#.# #.#
###.####>#
#.....##.#
####.....##.##.#
.......<[.......
.###..÷..##.##.#
#...@.##
####)S.#
###.9..#.#
#........#
#.#..#.....#
#.#..#$....# #
#..#..#....
####..#.../ ..#
.#.


You could see a gargoyle (fast, incited, ally target) and a friendly mana viper
(summoned).

Vanquished Creatures
  Gastronok (D:9)
  Pikel (D:4)
  A gargoyle (D:7)
  Maurice (D:8)
  Maggie (D:7)
  A hornet (D:10)
  A wyvern (D:7)
  A wraith (D:11)
  16 yaks
  2 steam dragons
  4 acid dragons
  8 water moccasins
  Duvessa (D:5)
  An ice beast (D:7)
  3 sky beasts
  2 black bears
  6 orc warriors
  A centaur (D:9)
  3 phantoms
  3 lemures (D:4)
  5 kobold brigands
  8 bullfrogs
  A gnoll sergeant (D:7)
  3 wights (D:7)
  Dowan (D:5)
  A jelly (D:6)
  9 killer bees
  A vampire bat (D:5)
  6 howler monkeys
  4 quasits (D:6)
  A hound (D:6)
  6 orc priests
  Crazy Yiuf (D:5)
  4 gnoll boudas
  4 iguanas
  11 orc wizards
  20 gnolls
  2 adders (D:2)
  4 shadow imps (D:6)
  8 white imps
  An ufetubus (D:4)
  2 worms (D:2)
  3 dart slugs
  3 fire bats (D:5)
  39 orcs
  2 spectral bats (D:5)
  4 ball pythons
  3 bat skeletons (D:5)
  A bat zombie (D:5)
  4 endoplasms
  3 giant cockroaches
  9 goblins
  10 hobgoblins
  6 quokkas
  15 bats
  A bat simulacrum (D:5)
  3 frilled lizards
  20 kobolds
  6 rats
293 creatures vanquished.

Vanquished Creatures (collateral kills)
  An ugly thing (D:10)
  An unseen horror (D:10)
  A wraith (D:9)
  3 yaks (D:10)
  A centaur (D:11)
  A bullfrog (D:8)
  A howler monkey (D:9)
  An orc wizard (D:9)
  2 gnolls (D:9)
  2 orcs (D:9)
  A kobold (D:9)
15 creatures vanquished.

Vanquished Creatures (others)
  An angel (D:4)
  9 demonic plants (D:6)
  684 foxfires
  61 fungi
  74 plants
829 creatures vanquished.

Grand Total: 1137 creatures vanquished

Notes
Turn   | Place    | Note
-------+----------+-------------------------------------------
     0 | D:1      | unlimited1921 the Djinni Fire Elementalist began the quest
                  | for the Orb.
     0 | D:1      | unlimited1921 set off with the following spells memorised:
                  | Foxfire, Scorch, Conjure Flame, Inner Flame, Flame Wave.
     0 | D:1      | Reached XP level 1. HP: 15/15 MP: 0/0
   235 | D:1      | Found a faded altar of an unknown god.
   620 | D:1      | Reached XP level 2. HP: 21/21 MP: 0/0
  1420 | D:1      | Reached skill level 3 in Spellcasting
  1500 | D:1      | Found Mabradun's Distillery.
  1504 | D:1      | Reached XP level 3. HP: 23/25 MP: 0/0
  1504 | D:1      | Learned a level 1 spell: Necrotise
  2825 | D:2      | Reached XP level 4. HP: 28/31 MP: 0/0
  3644 | D:2      | Found a stormy altar of Qazlal.
  4818 | D:3      | Reached skill level 4 in Spellcasting
  4818 | D:3      | Reached XP level 5. HP: 3/35 MP: 0/0
  4818 | D:3      | Learned a level 2 spell: Blink
  6505 | D:4      | Found Lojiw's Assorted Antiques.
  6510 | D:4      | Bought a bubbling puce potion for 21 gold pieces
  6510 | D:4      | Bought a scroll labelled IKKANK FUIMO for 24 gold pieces
  6510 | D:4      | Bought a fizzy orange potion for 21 gold pieces
  6510 | D:4      | Bought a murky puce potion for 21 gold pieces
  6510 | D:4      | Bought a yellow potion for 21 gold pieces
  6510 | D:4      | Bought a scroll labelled PECVUNKATEFF for 24 gold pieces
  6626 | D:4      | Noticed a phantom
  6627 | D:4      | Found a sparkling altar of Nemelex Xobeh.
  6632 | D:4      | Killed a phantom
  6633 | D:4      | Reached XP level 6. HP: 23/40 MP: 0/0
  6685 | D:4      | Killed an angel
  7181 | D:4      | Reached skill level 5 in Spellcasting
  7405 | D:4      | Found a shimmering altar of Xom.
  7409 | D:4      | Found a glowing silver altar of Zin.
  7414 | D:4      | Reached XP level 7. HP: 36/45 MP: 0/0
  7414 | D:4      | Learned a level 3 spell: Teleport Other
  7894 | D:4      | Noticed Pikel
  7918 | D:4      | Killed Pikel
  7919 | D:4      | Reached skill level 6 in Spellcasting
  7919 | D:4      | Reached XP level 8. HP: 29/51 MP: 0/0
  8151 | D:5      | Entered Level 5 of the Dungeon
  8253 | D:5      | Reached skill level 7 in Spellcasting
  8929 | D:5      | Noticed Dowan
  8940 | D:5      | Noticed Duvessa
  8950 | D:5      | Killed Duvessa
  8950 | D:5      | Killed Dowan
  9298 | D:5      | Reached skill level 8 in Spellcasting
  9298 | D:5      | Reached XP level 9. HP: 16/56 MP: 0/0
  9298 | D:5      | Learned a level 3 spell: Ignite Poison
  9739 | D:5      | Found a staircase to the Ecumenical Temple.
 10673 | D:5      | Found a runed translucent door.
 10674 | D:5      | Noticed Crazy Yiuf
 10680 | D:5      | Killed Crazy Yiuf
 11025 | Temple   | Entered the Ecumenical Temple
 11462 | Temple   | Became a worshipper of Gozag Ym Sagoz the Greedy
 11588 | D:6      | Found the +7 captain's cutlass {speed, disarm}
 11752 | D:6      | Reached skill level 1 in Fighting
 12301 | D:5      | Reached skill level 1 in Short Blades
 12946 | D:6      | Reached skill level 9 in Spellcasting
 13148 | D:6      | Found a white marble altar of Elyvilon.
 13779 | D:6      | Found a burning altar of Makhleb.
 13781 | D:6      | Found a shadowy altar of Dithmenos.
 13783 | D:6      | Found a bloodstained altar of Trog.
 13785 | D:6      | Found an ornate altar of the Wu Jian Council.
 14040 | D:7      | Found a broken altar of Ashenzari.
 14299 | D:7      | Reached XP level 10. HP: 53/62 MP: 0/0
 14965 | D:7      | Noticed Maggie
 14974 | D:7      | Killed Maggie
 14975 | D:7      | Reached skill level 10 in Spellcasting
 15866 | D:8      | Noticed a gargoyle
 16691 | D:7      | Killed a gargoyle
 17931 | D:8      | Reached skill level 11 in Spellcasting
 17953 | D:8      | Reached skill level 5 in Dodging
 17953 | D:8      | Reached XP level 11. HP: 45/68 MP: 0/0
 17953 | D:8      | Learned a level 5 spell: Summon Mana Viper
 18296 | D:8      | Noticed Maurice
 18308 | D:8      | Killed Maurice
 18448 | D:8      | Found a staircase to the Lair.
 20747 | D:9      | Noticed Gastronok
 20757 | D:9      | Killed Gastronok
 20758 | D:9      | Reached skill level 12 in Spellcasting
 21198 | D:9      | Found a sacrificial altar of Ru.
 21846 | D:9      | Found a hazy altar of Hepliaklqana.
 22496 | D:10     | Entered Level 10 of the Dungeon
 22944 | D:10     | Found a snail-covered altar of Cheibriados.
 22949 | D:10     | Fell from the grace of Gozag
 22949 | D:10     | Became a worshipper of Cheibriados the Contemplative
 23226 | D:10     | Noticed a four-headed hydra
 23226 | D:10     | Noticed a green ugly thing
 24114 | D:10     | Identified the +5 scimitar "Nator" {freeze, Fragile Will+
                  | rCorr Str+2}
 24153 | D:10     | Reached XP level 12. HP: 56/76 MP: 0/0
 24816 | D:10     | Reached skill level 13 in Spellcasting
 24817 | D:10     | Reached * piety under Cheibriados
 25373 | D:11     | Reached skill level 1 in Shields
 25374 | D:11     | Killed from afar by a gargoyle

Illustrated notes

Levels and vault maps discovered:
D:1:      mainiacjoe_arrival_reflecting_pool, layout_loops_ring,
          ebering_ecumenical_altar_sacrificial, serial_shops, nicolae_shop_stone
D:2:      layout_loops_ring, basic_altar, minmay_misc_feat_tiny,
          kennysheep_another_room, skrybe_limestone_x
D:3:      wad_lake_hut, layout_basic
D:4:      layout_loops_cross, grunt_temple_overflow_order_and_chaos_1,
          mainiacjoe_overflow_24_doors, serial_shops, shop, uniq_pikel
D:5:      layout_loops_ring, temple_doors_e, goddamned_bats, uniq_duvessa,
          uniq_crazy_yiuf_cottage
D:6:      layout_loops_corners, minitemple, overflow_temple_1_default,
          serial_demonic, serial_demonic_a, serial_demonic_f, serial_demonic_c,
          serial_demonic_b, serial_demonic_g, serial_demonic_b,
          kennysheep_cross_bottleneck
D:7:      layout_loops_ring, nicolae_ashenzari_skybound, minivault_4,
          serial_bayou_pond_c, uniq_maggie
D:8:      layout_basic, due_lair_maze_entry_diamond, nicolae_underground_beach,
          uniq_maurice
D:9:      layout_irregular_city, nicolae_ru_path_of_blood,
          nzn_hepliaklqana_mist_gate, lemuel_crystal_altar,
          minmay_quadrilaterals, uniq_gastronok
D:10:     layout_basic, mainiacjoe_overflow_tiny_flanked,
          minmay_misc_feat_encased, minivault_20
D:11:     layout_loops_ring, david_orc_5, nicolae_trove_entry_crystal,
          hangedman_abyss_or_decor_stagger, amcnicky_mini_pool_small,
          minmay_strange_pillars, minivault_23
Temple:   pf_slimified_temple

Skill      XL: |  1  2  3  4  5  6  7  8  9 10 11 12 |
---------------+-------------------------------------+-----
Spellcasting   | 3 4 5 6 8 9 11 12 13 | 13.2
Stealth        | 2 3 4 |  4.3
Dodging        | 4 5 |  5.9
Fighting       | 1 2 3 |  3.1
Short Blades   | 2 3 |  3.1
Shields        | 1 |  1.0
Polearms       | |  0.1

Action                   |  1- 3 |  4- 6 |  7- 9 | 10-12 || total
-------------------------+-------+-------+-------+-------++-------
Melee: Dagger            |       |       |    44 |    61 ||   105
       Cutlass           |       |       |    22 |       ||    22
       Spear             |       |       |       |    14 ||    14
 Cast: Foxfire           |    51 |   112 |   110 |   162 ||   435
       Scorch            |    11 |    24 |    66 |    76 ||   177
       Inner Flame       |       |       |    19 |    55 ||    74
       Blink             |       |       |     1 |     3 ||     4
       Teleport Other    |       |       |     1 |       ||     1
       Flame Wave        |       |       |       |    16 ||    16
       Conjure Flame     |       |       |       |     5 ||     5
       Summon Mana Viper |       |       |       |    21 ||    21
       Ignite Poison     |       |       |       |     2 ||     2
  Use: Scroll            |       |       |       |    13 ||    13
       Potion            |       |       |       |     1 ||     1
Armor: Robe              |     8 |     4 |    62 |    46 ||   120
Dodge: Dodged            |    22 |    12 |    74 |   114 ||   222
Block: Orb               |       |       |       |    19 ||    19
       Reflection        |       |       |       |     1 ||     1
